| Goals | Penalties |
1. Crunch , Dylan Gambrell 8 (Callahan Burke 6) at 17:27
|
Daemon Hunt (TAM) for Elbowing (Minor) at 3:09 Alexander Edler (TAM) for Slashing (Minor) at 18:14
|
2. Wolf Pack , Ivan Miroshnichenko 16 (Alex Laferriere 19, Jayden Struble 6) at 3:06
3. Crunch , Alexander Edler 8 (Mathieu Olivier 16, David Gustafsson 28) at 3:26
4. Wolf Pack , Mark Friedman 5 (Zac Jones 20, Alex Lyon) at 5:21
|
Alex Laferriere (NYR) for Fighting (Major) at 11:24 Jordan Gross (TAM) for Fighting (Major) at 11:24 Mathieu Olivier (TAM) for High sticking (Minor) at 16:50
|
5. Crunch , Alexander Edler 9 (David Gustafsson 29, Mathieu Olivier 17) at 10:50 (PP)
6. Wolf Pack , Alex Laferriere 23 (Mark Friedman 15) at 10:58
7. Crunch , Garrett Pilon 4 (Robert Hagg 5, Dylan Gambrell 12) at 11:37 (SH)
|
Connor Carrick (TAM) for Hooking (Minor) at 2:48 Michael Milne (NYR) for Interference (Minor) at 10:38 Alexander Edler (TAM) for Slashing (Minor) at 11:01 Connor Carrick (TAM) for Roughing (Minor) at 13:12
|
|
Erik Kallgren (TAM), 27 saves from 30 shots - (0,900), W, 15-11-1, 60:00 minutes
Alex Lyon (NYR), 23 saves from 27 shots - (0,852), L, 20-15-2, 59:13 minutes
|
|
1 - Dylan Gambrell (TAM)
2 - Mark Friedman (NYR)
3 - Garrett Pilon (TAM)
|
Referees : Kyle Rehman and Trevor Hanson
Linesman : Meghan Mallette and Nikoleta Celarova
|
|
Jordan Gross beats up Alex Laferriere at 11:24 of 2nd period
|
| Team Name |
Goals |
Shots |
Shots Attemp |
Shots Blocked |
PIM |
HIT |
PP |
PK |
FO% |
| Crunch |
4 | 27 | 47 | 7 | 17 | 16 | 1 / 1 (100%) | 0 | 60% |
| Wolf Pack |
3 | 30 | 49 | 11 | 7 | 16 | 0 / 6 (0%) | 1 | 40% |
Crunch
| Player Name |
POS |
G |
A |
P |
+/- |
PIM |
HIT |
SHT |
SB |
MP |
PP MP |
PP SHT |
PK MP |
PK SHT |
FO% |
FOT |
GA |
TA |
| Alexander Edler | LW/RW | 2 | 0 | 2 | -1 | 4 | 0 | 6 | 1 | 24:04 | 0:12 | 1 | 3:15 | 0 | 0% |
1 | 0 | 2 |
| Ben Harpur | D | 0 | 0 | 0 | 2 | 0 | 4 | 0 | 1 | 25:29 | 0:12 | 0 | 6:28 | 0 | 0% |
0 | 0 | 0 |
| Ben Jones | C | 0 | 0 | 0 | 0 | 0 | 0 | 0 | 0 | 5:05 | 0:00 | 0 | 1:30 | 0 | 0% |
0 | 0 | 0 |
| Benoit-Olivier Groulx | C | 0 | 0 | 0 | 0 | 0 | 0 | 0 | 1 | 11:08 | 0:00 | 0 | 0:00 | 0 | 75% |
4 | 0 | 1 |
| Callahan Burke | C/RW | 0 | 1 | 1 | 0 | 0 | 1 | 2 | 0 | 15:24 | 0:00 | 0 | 0:00 | 0 | 0% |
0 | 0 | 0 |
| Christian Wolanin | D | 0 | 0 | 0 | 0 | 0 | 0 | 0 | 0 | 12:53 | 0:00 | 0 | 0:12 | 0 | 0% |
0 | 0 | 0 |
| Connor Carrick | D | 0 | 0 | 0 | -1 | 4 | 2 | 1 | 1 | 16:33 | 0:00 | 0 | 3:07 | 0 | 0% |
0 | 0 | 0 |
| Daemon Hunt | D | 0 | 0 | 0 | -1 | 2 | 0 | 0 | 0 | 5:29 | 0:00 | 0 | 0:00 | 0 | 0% |
0 | 0 | 0 |
| David Gustafsson | C/LW | 0 | 2 | 2 | -1 | 0 | 1 | 4 | 2 | 26:02 | 0:12 | 0 | 6:11 | 0 | 66% |
29 | 0 | 1 |
| Dylan Gambrell | C | 1 | 1 | 2 | 1 | 0 | 2 | 4 | 0 | 18:34 | 0:00 | 0 | 3:16 | 0 | 30% |
10 | 0 | 1 |
| Garrett Pilon | C | 1 | 0 | 1 | 1 | 0 | 0 | 3 | 1 | 13:35 | 0:00 | 0 | 3:35 | 1 | 67% |
3 | 0 | 0 |
| Jordan Gross | D | 0 | 0 | 0 | -1 | 5 | 1 | 0 | 0 | 16:50 | 0:00 | 0 | 5:14 | 0 | 0% |
0 | 1 | 0 |
| Liam Foudy | C/LW | 0 | 0 | 0 | 0 | 0 | 0 | 1 | 0 | 10:08 | 0:00 | 0 | 0:00 | 0 | 0% |
0 | 1 | 0 |
| Mathieu Olivier | RW | 0 | 2 | 2 | -1 | 2 | 2 | 4 | 0 | 26:01 | 0:12 | 0 | 5:17 | 0 | 69% |
13 | 1 | 1 |
| Riley Sheahan | C/LW | 0 | 0 | 0 | 0 | 0 | 1 | 0 | 0 | 16:24 | 0:00 | 0 | 0:44 | 0 | 0% |
0 | 0 | 0 |
| Robert Hagg | D | 0 | 1 | 1 | 2 | 0 | 2 | 2 | 0 | 27:03 | 0:12 | 0 | 6:30 | 0 | 0% |
0 | 0 | 1 |
| Taylor Fedun | D | 0 | 0 | 0 | 0 | 0 | 0 | 0 | 0 | 10:59 | 0:00 | 0 | 1:41 | 0 | 0% |
0 | 0 | 1 |
| Yan Kuznetsov | D | 0 | 0 | 0 | -1 | 0 | 0 | 0 | 0 | 6:18 | 0:00 | 0 | 0:36 | 0 | 0% |
0 | 0 | 0 |
Wolf Pack
| Player Name |
POS |
G |
A |
P |
+/- |
PIM |
HIT |
SHT |
SB |
MP |
PP MP |
PP SHT |
PK MP |
PK SHT |
FO% |
FOT |
GA |
TA |
| Alex Laferriere | RW | 1 | 1 | 2 | 0 | 5 | 3 | 6 | 0 | 19:50 | 6:00 | 0 | 0:00 | 0 | 0% |
0 | 1 | 0 |
| Ivan Miroshnichenko | LW | 1 | 0 | 1 | 0 | 0 | 0 | 4 | 0 | 21:21 | 5:45 | 0 | 0:12 | 0 | 0% |
2 | 1 | 0 |
| Jared McIsaac | D | 0 | 0 | 0 | 1 | 0 | 0 | 0 | 0 | 12:40 | 0:01 | 0 | 0:00 | 0 | 0% |
0 | 0 | 0 |
| Jayden Struble | D | 0 | 1 | 1 | 0 | 0 | 1 | 2 | 1 | 19:19 | 4:42 | 0 | 0:00 | 0 | 0% |
0 | 1 | 0 |
| Logan Brown | C/LW | 0 | 0 | 0 | -1 | 0 | 2 | 2 | 0 | 17:54 | 5:34 | 0 | 0:00 | 0 | 41% |
17 | 0 | 0 |
| Logan Hutsko | C | 0 | 0 | 0 | 0 | 0 | 1 | 3 | 1 | 17:33 | 4:02 | 0 | 0:00 | 0 | 60% |
5 | 0 | 0 |
| Lucas Edmonds | LW/RW | 0 | 0 | 0 | -1 | 0 | 1 | 1 | 0 | 15:05 | 5:42 | 1 | 0:00 | 0 | 0% |
0 | 0 | 0 |
| Mark Friedman | D | 1 | 1 | 2 | -1 | 0 | 1 | 3 | 4 | 27:21 | 7:11 | 1 | 0:12 | 0 | 0% |
0 | 2 | 0 |
| Mason Lohrei | D | 0 | 0 | 0 | 0 | 0 | 1 | 1 | 3 | 19:59 | 4:42 | 0 | 0:00 | 0 | 0% |
0 | 0 | 0 |
| Michael Milne | LW | 0 | 0 | 0 | 1 | 2 | 0 | 1 | 0 | 10:22 | 0:00 | 0 | 0:00 | 0 | 0% |
0 | 0 | 1 |
| Oskar Back | C/RW | 0 | 0 | 0 | -1 | 0 | 0 | 3 | 0 | 27:29 | 6:04 | 0 | 0:12 | 0 | 39% |
33 | 2 | 0 |
| Oskar Olausson | RW | 0 | 0 | 0 | 1 | 0 | 0 | 1 | 0 | 10:18 | 0:00 | 0 | 0:00 | 0 | 0% |
0 | 0 | 0 |
| Oskari Laaksonen | D | 0 | 0 | 0 | 1 | 0 | 0 | 0 | 0 | 13:20 | 0:01 | 0 | 0:00 | 0 | 0% |
0 | 0 | 0 |
| Reid Schaefer | LW | 0 | 0 | 0 | 0 | 0 | 1 | 0 | 0 | 13:13 | 0:27 | 0 | 0:00 | 0 | 0% |
0 | 1 | 0 |
| Ryder Korczak | C | 0 | 0 | 0 | 0 | 0 | 0 | 0 | 0 | 0:12 | 0:00 | 0 | 0:00 | 0 | 0% |
0 | 0 | 0 |
| Taylor Ward | RW | 0 | 0 | 0 | 0 | 0 | 3 | 0 | 0 | 15:12 | 2:04 | 0 | 0:00 | 0 | 0% |
0 | 0 | 0 |
| Viktor Lodin | C/LW | 0 | 0 | 0 | 1 | 0 | 0 | 1 | 0 | 11:17 | 0:04 | 0 | 0:00 | 0 | 33% |
3 | 0 | 2 |
| Zac Jones | D | 0 | 1 | 1 | -1 | 0 | 2 | 2 | 2 | 27:21 | 7:11 | 1 | 0:12 | 0 | 0% |
0 | 0 | 0 |
Crunch
| 5 vs 5 Forward |
|---|
| Line # | Left Wing | Center | Right Wing | PHY | DF | OF | Wanted % | Time % | Time Play |
| 1 | Alexander Edler | David Gustafsson | Mathieu Olivier | 1 | 2 | 2 | 40 | 26% | 12:20
|
| 2 | Riley Sheahan | Dylan Gambrell | Callahan Burke | 1 | 2 | 2 | 30 | 36% | 16:56
|
| 3 | Liam Foudy | Benoit-Olivier Groulx | Mathieu Olivier | 1 | 2 | 2 | 20 | 21% | 10:02
|
| 4 | David Gustafsson | Garrett Pilon | Alexander Edler | 1 | 2 | 2 | 10 | 16% | 7:24
|
| 5 vs 5 Defense |
|---|
| Line # | Defense | Defense | | PHY | DF | OF | Wanted % | Time % | Time Play |
| 1 | Robert Hagg | Ben Harpur | | 1 | 2 | 2 | 40 | 40% | 18:41
|
| 2 | Connor Carrick | Jordan Gross | | 1 | 2 | 2 | 30 | 30% | 13:48
|
| 3 | Christian Wolanin | Taylor Fedun | | 1 | 2 | 2 | 20 | 20% | 9:18
|
| 4 | Yan Kuznetsov | Daemon Hunt | | 1 | 2 | 2 | 10 | 11% | 4:55
|
| Power Play Forward |
|---|
| Line # | Left Wing | Center | Right Wing | PHY | DF | OF | Wanted % | Time % | Time Play |
| 1 | Alexander Edler | David Gustafsson | Mathieu Olivier | 1 | 2 | 2 | 60 | 100% | 0:12
|
| 2 | Riley Sheahan | Dylan Gambrell | Callahan Burke | 1 | 2 | 2 | 40 | 0% | 0:00
|
| Power Play Defense |
|---|
| Line # | Defense | Defense | | PHY | DF | OF | Wanted % | Time % | Time Play |
| 1 | Robert Hagg | Ben Harpur | | 1 | 2 | 2 | 60 | 100% | 0:12
|
| 2 | Connor Carrick | Jordan Gross | | 1 | 2 | 2 | 40 | 0% | 0:00
|
| Penalty Kill 4 Players Forward |
|---|
| Line # | Center | Wing | PHY | DF | OF | Wanted % | Time % | Time Play |
| 1 | Mathieu Olivier | David Gustafsson | 1 | 2 | 2 | 60 | 74% | 8:45
|
| 2 | Alexander Edler | Dylan Gambrell | 1 | 2 | 2 | 40 | 26% | 3:09
|
| Penalty Kill 4 Players Defense |
|---|
| Line # | Defense | Defense | PHY | DF | OF | Wanted % | Time % | Time Play |
| 1 | Robert Hagg | Ben Harpur | 1 | 2 | 2 | 60 | 53% | 6:18
|
| 2 | Connor Carrick | Jordan Gross | 1 | 2 | 2 | 40 | 47% | 5:36
|
| Penalty Kill 3 Players |
|---|
| Line # | Wing | PHY | DF | OF | Wanted % | Time % | Time Play | Defense | Defense | PHY | DF | OF | Wanted % | Time % | Time Play |
| 1 | Mathieu Olivier | 1 | 2 | 2 | 60 | 0% | 0:00
| Robert Hagg | Ben Harpur | 1 | 2 | 2 | 60 | 0% | 0:00
|
| 2 | David Gustafsson | 1 | 2 | 2 | 40 | 0% | 0:00
| Connor Carrick | Jordan Gross | 1 | 2 | 2 | 40 | 0% | 0:00
|
| 4 vs 4 Forward |
|---|
| Line # | Center | Wing | PHY | DF | OF | Wanted % | Time % | Time Play |
| 1 | Mathieu Olivier | David Gustafsson | 1 | 2 | 2 | 60 | 0% | 0:00
|
| 2 | Alexander Edler | Dylan Gambrell | 1 | 2 | 2 | 40 | 0% | 0:00
|
| 4 vs 4 Defense |
|---|
| Line # | Defense | | PHY | DF | OF | Wanted % | Time % | Time Play |
| 1 | Robert Hagg | Ben Harpur | 1 | 2 | 2 | 60 | 0% | 0:00
|
| 2 | Connor Carrick | Jordan Gross | 1 | 2 | 2 | 40 | 0% | 0:00
|
| Last Minutes Offensive |
|---|
| Left Wing | Center | Right Wing | Defense | Defense |
| Alexander Edler | David Gustafsson | Mathieu Olivier | Robert Hagg | Ben Harpur |
| Last Minutes Defensive |
|---|
| Left Wing | Center | Right Wing | Defense | Defense |
| Alexander Edler | David Gustafsson | Mathieu Olivier | Robert Hagg | Ben Harpur |
| Time |
|---|
| Total Forward | Total Defense | Last Minutes Offensive | Last Minutes Defensive |
| 60:00 |
60:00 |
0:00 | 1:12 |
| Extra Forwards |
|---|
| Normal | PowerPlay | Penalty Kill |
|
Ben Jones, Benoit-Olivier Groulx, Garrett Pilon | Ben Jones, Benoit-Olivier Groulx | Garrett Pilon |
| Extra Defensemen |
|---|
| Normal | PowerPlay | Penalty Kill |
|
Christian Wolanin, Taylor Fedun, Yan Kuznetsov | Christian Wolanin, Taylor Fedun | Yan Kuznetsov |
| Penalty Shots |
|---|
|
Mathieu Olivier, David Gustafsson, Alexander Edler, Dylan Gambrell, Benoit-Olivier Groulx |
| Goalie |
|---|
| Erik Kallgren, Garret Sparks |
| Scratches |
|---|
|
Antti Saarela (Healthy), Tyrell Goulbourne (Healthy), Gavin White (Healthy), Dennis Cholowski (Healthy), Jake Leschyshyn (Healthy)
Stelio Mattheos (Healthy), Nicolas Beaudin (Healthy), Alex Whelan (Healthy), Tim Schaller (Healthy), Carson Meyer (Healthy)
Jerad Rosburg (Healthy), Tyce Thompson (Healthy), Mattias Norlinder (Healthy), Nick Swaney (Healthy), Xavier Simoneau (Healthy)
Mike Robinson (Healthy) |
Wolf Pack
| 5 vs 5 Forward |
|---|
| Line # | Left Wing | Center | Right Wing | PHY | DF | OF | Wanted % | Time % | Time Play |
| 1 | Ivan Miroshnichenko | Oskar Back | Alex Laferriere | 1 | 2 | 2 | 40 | 29% | 13:27
|
| 2 | Lucas Edmonds | Logan Brown | Oskar Back | 1 | 2 | 2 | 30 | 25% | 11:37
|
| 3 | Reid Schaefer | Logan Hutsko | Taylor Ward | 1 | 2 | 2 | 20 | 25% | 11:39
|
| 4 | Michael Milne | Viktor Lodin | Oskar Olausson | 1 | 2 | 2 | 10 | 21% | 10:02
|
| 5 vs 5 Defense |
|---|
| Line # | Defense | Defense | | PHY | DF | OF | Wanted % | Time % | Time Play |
| 1 | Mark Friedman | Zac Jones | | 1 | 2 | 2 | 40 | 38% | 17:45
|
| 2 | Jayden Struble | Mason Lohrei | | 1 | 2 | 2 | 30 | 31% | 14:37
|
| 3 | Oskari Laaksonen | Jared McIsaac | | 1 | 2 | 2 | 20 | 26% | 12:19
|
| 4 | Mark Friedman | Zac Jones | | 1 | 2 | 2 | 10 | 4% | 2:04
|
| Power Play Forward |
|---|
| Line # | Left Wing | Center | Right Wing | PHY | DF | OF | Wanted % | Time % | Time Play |
| 1 | Ivan Miroshnichenko | Oskar Back | Alex Laferriere | 1 | 2 | 2 | 60 | 52% | 6:12
|
| 2 | Lucas Edmonds | Logan Brown | Oskar Back | 1 | 2 | 2 | 40 | 48% | 5:42
|
| Power Play Defense |
|---|
| Line # | Defense | Defense | | PHY | DF | OF | Wanted % | Time % | Time Play |
| 1 | Mark Friedman | Zac Jones | | 1 | 2 | 2 | 60 | 61% | 7:12
|
| 2 | Jayden Struble | Mason Lohrei | | 1 | 2 | 2 | 40 | 39% | 4:42
|
| Penalty Kill 4 Players Forward |
|---|
| Line # | Center | Wing | PHY | DF | OF | Wanted % | Time % | Time Play |
| 1 | Oskar Back | Ivan Miroshnichenko | 1 | 2 | 2 | 60 | 100% | 0:12
|
| 2 | Logan Brown | Lucas Edmonds | 1 | 2 | 2 | 40 | 0% | 0:00
|
| Penalty Kill 4 Players Defense |
|---|
| Line # | Defense | Defense | PHY | DF | OF | Wanted % | Time % | Time Play |
| 1 | Mark Friedman | Zac Jones | 1 | 2 | 2 | 60 | 100% | 0:12
|
| 2 | Jayden Struble | Mason Lohrei | 1 | 2 | 2 | 40 | 0% | 0:00
|
| Penalty Kill 3 Players |
|---|
| Line # | Wing | PHY | DF | OF | Wanted % | Time % | Time Play | Defense | Defense | PHY | DF | OF | Wanted % | Time % | Time Play |
| 1 | Oskar Back | 1 | 2 | 2 | 60 | 0% | 0:00
| Mark Friedman | Zac Jones | 1 | 2 | 2 | 60 | 0% | 0:00
|
| 2 | Logan Brown | 1 | 2 | 2 | 40 | 0% | 0:00
| Jayden Struble | Mason Lohrei | 1 | 2 | 2 | 40 | 0% | 0:00
|
| 4 vs 4 Forward |
|---|
| Line # | Center | Wing | PHY | DF | OF | Wanted % | Time % | Time Play |
| 1 | Oskar Back | Ivan Miroshnichenko | 1 | 2 | 2 | 60 | 0% | 0:00
|
| 2 | Logan Brown | Lucas Edmonds | 1 | 2 | 2 | 40 | 0% | 0:00
|
| 4 vs 4 Defense |
|---|
| Line # | Defense | | PHY | DF | OF | Wanted % | Time % | Time Play |
| 1 | Mark Friedman | Zac Jones | 1 | 2 | 2 | 60 | 0% | 0:00
|
| 2 | Jayden Struble | Mason Lohrei | 1 | 2 | 2 | 40 | 0% | 0:00
|
| Last Minutes Offensive |
|---|
| Left Wing | Center | Right Wing | Defense | Defense |
| Ivan Miroshnichenko | Oskar Back | Alex Laferriere | Mark Friedman | Zac Jones |
| Last Minutes Defensive |
|---|
| Left Wing | Center | Right Wing | Defense | Defense |
| Ivan Miroshnichenko | Oskar Back | Alex Laferriere | Mark Friedman | Zac Jones |
| Time |
|---|
| Total Forward | Total Defense | Last Minutes Offensive | Last Minutes Defensive |
| 60:00 |
60:00 |
1:09 | 0:00 |
| Extra Forwards |
|---|
| Normal | PowerPlay | Penalty Kill |
|
Logan Brown, Logan Hutsko, Lucas Edmonds | Logan Brown, Logan Hutsko | Logan Brown |
| Extra Defensemen |
|---|
| Normal | PowerPlay | Penalty Kill |
|
Mason Lohrei, Oskari Laaksonen, Jared McIsaac | Mason Lohrei, Mason Lohrei | Oskari Laaksonen |
| Penalty Shots |
|---|
|
Alex Laferriere, Ivan Miroshnichenko, Oskar Back, Taylor Ward, Logan Brown |
| Goalie |
|---|
| Alex Lyon, Spencer Martin |
| Scratches |
|---|
|
Artem Guryev (Healthy), Brian Pinho (Healthy), Matt Filipe (Healthy), William Stromgren (Healthy), Donovan Sebrango (Healthy)
Daniil Chayka (Healthy), Jami Krannila (Healthy), Lukas Svejkovsky (Healthy), Raivis Ansons (Healthy), Isaac Poulter (Healthy) |
Play-by-Play
1st period
0:01 of 1st period - David Gustafsson wins face-off versus Oskar Back in neutral zone.
0:06 of 1st period - Zac Jones is hit by Ben Harpur.
0:26 of 1st period - Riley Sheahan is hit by Taylor Ward and loses puck.
1:07 of 1st period - Viktor Lodin is hit by Ben Harpur and loses puck.
1:33 of 1st period - Icing by Connor Carrick.
1:34 of 1st period - Dylan Gambrell wins face-off versus Logan Hutsko in Crunch zone.
1:34 of 1st period - Dylan Gambrell is hit by Reid Schaefer.
1:42 of 1st period - Slapshot by Connor Carrick.
1:42 of 1st period - Shot Blocked by Mark Friedman.
1:54 of 1st period - Snap shot by Logan Hutsko.
1:54 of 1st period - Shot Misses the Net.
3:09 of 1st period - Minor Penalty to Daemon Hunt for Elbowing.
3:10 of 1st period - Mathieu Olivier wins face-off versus Oskar Back in Crunch zone.
5:09 of 1st period - Penalty to Daemon Hunt is over, Daemon Hunt is back on ice.
5:49 of 1st period - Reid Schaefer is hit by Connor Carrick and loses puck.
10:30 of 1st period - David Gustafsson is hit by Mark Friedman and loses puck.
10:36 of 1st period - Icing by Alexander Edler.
10:37 of 1st period - David Gustafsson wins face-off versus Logan Brown in Crunch zone.
12:20 of 1st period - Liam Foudy is hit by Alex Laferriere.
12:31 of 1st period - Icing by Benoit-Olivier Groulx.
12:32 of 1st period - Benoit-Olivier Groulx wins face-off versus Logan Brown in Crunch zone.
12:47 of 1st period - Snap shot by David Gustafsson.
12:47 of 1st period - Stopped by Alex Lyon without a rebound.
12:48 of 1st period - Garrett Pilon wins face-off versus Oskar Back in Wolf Pack zone.
12:49 of 1st period - Wrist shot by Alexander Edler.
12:49 of 1st period - Shot Blocked by Mason Lohrei.
13:13 of 1st period - Wrist shot by David Gustafsson.
13:13 of 1st period - Shot Misses the Net.
13:15 of 1st period - Snap shot by Garrett Pilon.
13:15 of 1st period - Stopped by Alex Lyon with a rebound.
13:17 of 1st period - Slapshot by Jordan Gross.
13:17 of 1st period - Shot Blocked by Jayden Struble.
13:21 of 1st period - Wrist shot by Garrett Pilon.
13:21 of 1st period - Stopped by Alex Lyon without a rebound.
13:22 of 1st period - Logan Brown wins face-off versus Dylan Gambrell in Wolf Pack zone.
13:49 of 1st period - Mathieu Olivier is hit by Taylor Ward.
14:13 of 1st period - Snap shot by Michael Milne.
14:13 of 1st period - Stopped by Erik Kallgren without a rebound.
14:14 of 1st period - Oskar Back wins face-off versus David Gustafsson in Crunch zone.
14:15 of 1st period - Snap shot by Ivan Miroshnichenko.
14:15 of 1st period - Stopped by Erik Kallgren with a rebound.
14:17 of 1st period - Snap shot by Oskar Back.
14:17 of 1st period - Stopped by Erik Kallgren with a rebound.
14:19 of 1st period - Wrist shot by Oskar Back.
14:19 of 1st period - Deflect By Alex Laferriere.
14:19 of 1st period - Stopped by Erik Kallgren with a rebound.
14:25 of 1st period - Slapshot by Alex Laferriere.
14:25 of 1st period - Deflect By Garrett Pilon.
14:25 of 1st period - Stopped by Erik Kallgren with a rebound.
14:27 of 1st period - Slapshot by Jayden Struble.
14:27 of 1st period - Deflect By Robert Hagg.
14:27 of 1st period - Stopped by Erik Kallgren without a rebound.
14:28 of 1st period - Oskar Back wins face-off versus Mathieu Olivier in Crunch zone.
14:37 of 1st period - Snap shot by Mathieu Olivier.
14:37 of 1st period - Shot Blocked by Mark Friedman.
14:39 of 1st period - Wrist shot by Mathieu Olivier.
14:39 of 1st period - Deflect By Alexander Edler.
14:39 of 1st period - Stopped by Alex Lyon without a rebound.
14:40 of 1st period - Oskar Back wins face-off versus David Gustafsson in Wolf Pack zone.
14:51 of 1st period - Mark Friedman is hit by Ben Harpur and loses puck.
15:17 of 1st period - Dylan Gambrell is hit by Zac Jones and loses puck.
16:09 of 1st period - Snap shot by David Gustafsson.
16:09 of 1st period - Shot Misses the Net.
16:30 of 1st period - Slapshot by Garrett Pilon.
16:30 of 1st period - Deflect By Logan Hutsko.
16:30 of 1st period - Shot Blocked by Logan Hutsko.
16:30 of 1st period - Puck is out of play.
16:31 of 1st period - Viktor Lodin wins face-off versus Dylan Gambrell in Wolf Pack zone.
17:10 of 1st period - Ivan Miroshnichenko is hit by Robert Hagg and loses puck.
17:25 of 1st period - Slapshot by Dylan Gambrell.
17:25 of 1st period - Shot Blocked by Mark Friedman.
17:27 of 1st period - Snap shot by Dylan Gambrell.
17:27 of 1st period - Goal by Dylan Gambrell - Crunch : 1 - Wolf Pack : 0.
17:28 of 1st period - Logan Hutsko wins face-off versus David Gustafsson in neutral zone.
18:14 of 1st period - Minor Penalty to Alexander Edler for Slashing.
18:15 of 1st period - Mathieu Olivier wins face-off versus Oskar Back in Crunch zone.
18:25 of 1st period - David Gustafsson is hit by Zac Jones and loses puck.
18:50 of 1st period - Ben Harpur is hit by Alex Laferriere and loses puck.
19:55 of 1st period - Lucas Edmonds is hit by Dylan Gambrell and loses puck.
Goals for this period are 1 for Crunch vs 0 for Wolf Pack.
Shots for this period are 5 for Crunch vs 6 for Wolf Pack.
2nd period
0:01 of 2nd period - Oskar Back wins face-off versus Mathieu Olivier in neutral zone.
0:04 of 2nd period - Slapshot by Mark Friedman.
0:04 of 2nd period - Stopped by Erik Kallgren without a rebound.
0:05 of 2nd period - Oskar Back wins face-off versus Mathieu Olivier in Crunch zone.
0:14 of 2nd period - Penalty to Alexander Edler is over, Alexander Edler is back on ice.
0:18 of 2nd period - Slapshot by Alex Laferriere.
0:18 of 2nd period - Stopped by Erik Kallgren with a rebound.
0:20 of 2nd period - Snap shot by Alex Laferriere.
0:20 of 2nd period - Stopped by Erik Kallgren without a rebound.
0:21 of 2nd period - David Gustafsson wins face-off versus Logan Brown in Crunch zone.
0:30 of 2nd period - Snap shot by Oskar Back.
0:30 of 2nd period - Shot Misses the Net.
0:32 of 2nd period - Snap shot by Oskar Back.
0:32 of 2nd period - Shot Blocked by David Gustafsson.
0:34 of 2nd period - Slapshot by Logan Brown.
0:34 of 2nd period - Stopped by Erik Kallgren without a rebound.
0:35 of 2nd period - Oskar Back wins face-off versus David Gustafsson in Crunch zone.
0:40 of 2nd period - Snap shot by Alex Laferriere.
0:40 of 2nd period - Stopped by Erik Kallgren with a rebound.
0:47 of 2nd period - Off-side.
0:48 of 2nd period - David Gustafsson wins face-off versus Oskar Back in neutral zone.
0:53 of 2nd period - Wrist shot by David Gustafsson.
0:53 of 2nd period - Stopped by Alex Lyon with a rebound.
1:01 of 2nd period - Snap shot by Ivan Miroshnichenko.
1:01 of 2nd period - Shot Misses the Net.
1:03 of 2nd period - Snap shot by Ivan Miroshnichenko.
1:03 of 2nd period - Shot Misses the Net.
1:39 of 2nd period - Snap shot by Oskar Olausson.
1:39 of 2nd period - Stopped by Erik Kallgren with a rebound.
1:45 of 2nd period - Zac Jones is hit by Mathieu Olivier and loses puck.
2:30 of 2nd period - Snap shot by Logan Hutsko.
2:30 of 2nd period - Shot Blocked by Benoit-Olivier Groulx.
2:32 of 2nd period - Slapshot by Zac Jones.
2:32 of 2nd period - Deflect By Logan Hutsko.
2:32 of 2nd period - Stopped by Erik Kallgren with a rebound.
2:34 of 2nd period - Snap shot by Logan Hutsko.
2:34 of 2nd period - Stopped by Erik Kallgren with a rebound.
2:36 of 2nd period - Snap shot by Logan Hutsko.
2:36 of 2nd period - Stopped by Erik Kallgren with a rebound.
2:38 of 2nd period - Slapshot by Mark Friedman.
2:38 of 2nd period - Deflect By Benoit-Olivier Groulx.
2:38 of 2nd period - Stopped by Erik Kallgren without a rebound.
2:39 of 2nd period - Dylan Gambrell wins face-off versus Logan Hutsko in Crunch zone.
3:04 of 2nd period - Wrist shot by Alex Laferriere.
3:04 of 2nd period - Shot Hit the Post.
3:06 of 2nd period - Snap shot by Ivan Miroshnichenko.
3:06 of 2nd period - Goal by Ivan Miroshnichenko - Crunch : 1 - Wolf Pack : 1.
3:07 of 2nd period - David Gustafsson wins face-off versus Oskar Back in neutral zone.
3:10 of 2nd period - Slapshot by Alexander Edler.
3:10 of 2nd period - Stopped by Alex Lyon with a rebound.
3:12 of 2nd period - Snap shot by Mathieu Olivier.
3:12 of 2nd period - Stopped by Alex Lyon without a rebound.
3:13 of 2nd period - Oskar Back wins face-off versus David Gustafsson in Wolf Pack zone.
3:24 of 2nd period - Slapshot by Alexander Edler.
3:24 of 2nd period - Deflect By David Gustafsson.
3:24 of 2nd period - Stopped by Alex Lyon with a rebound.
3:26 of 2nd period - Snap shot by Mathieu Olivier.
3:26 of 2nd period - Deflect By Alexander Edler.
3:26 of 2nd period - Goal by Alexander Edler - Crunch : 2 - Wolf Pack : 1.
3:27 of 2nd period - David Gustafsson wins face-off versus Logan Brown in neutral zone.
4:21 of 2nd period - Wrist shot by Liam Foudy.
4:21 of 2nd period - Stopped by Alex Lyon with a rebound.
4:23 of 2nd period - Snap shot by Liam Foudy.
4:23 of 2nd period - Shot Misses the Net.
4:37 of 2nd period - Wrist shot by Alexander Edler.
4:37 of 2nd period - Stopped by Alex Lyon with a rebound.
5:21 of 2nd period - Slapshot by Mark Friedman.
5:21 of 2nd period - Goal by Mark Friedman - Crunch : 2 - Wolf Pack : 2.
5:22 of 2nd period - David Gustafsson wins face-off versus Oskar Back in neutral zone.
6:02 of 2nd period - Dylan Gambrell is hit by Jayden Struble and loses puck.
6:36 of 2nd period - Alexander Edler is hit by Logan Brown and loses puck.
9:07 of 2nd period - Reid Schaefer is hit by Riley Sheahan and loses puck.
9:34 of 2nd period - Icing by Logan Hutsko.
9:35 of 2nd period - Logan Brown wins face-off versus Garrett Pilon in Wolf Pack zone.
9:58 of 2nd period - Off-side.
9:59 of 2nd period - Benoit-Olivier Groulx wins face-off versus Viktor Lodin in neutral zone.
10:06 of 2nd period - Backhand shot by Mathieu Olivier.
10:06 of 2nd period - Stopped by Alex Lyon without a rebound.
10:07 of 2nd period - Oskar Back wins face-off versus David Gustafsson in Wolf Pack zone.
10:07 of 2nd period - Oskar Back is hit by Robert Hagg.
10:12 of 2nd period - Mark Friedman is hit by Mathieu Olivier and loses puck.
11:03 of 2nd period - Slapshot by Robert Hagg.
11:03 of 2nd period - Stopped by Alex Lyon without a rebound.
11:04 of 2nd period - Benoit-Olivier Groulx wins face-off versus Oskar Back in Wolf Pack zone.
11:05 of 2nd period - Snap shot by Mathieu Olivier.
11:05 of 2nd period - Stopped by Alex Lyon without a rebound.
11:06 of 2nd period - David Gustafsson wins face-off versus Oskar Back in Wolf Pack zone.
11:07 of 2nd period - Slapshot by Mathieu Olivier.
11:07 of 2nd period - Shot Blocked by Mason Lohrei.
11:09 of 2nd period - Slapshot by Connor Carrick.
11:09 of 2nd period - Shot Misses the Net.
11:11 of 2nd period - Wrist shot by Alexander Edler.
11:11 of 2nd period - Stopped by Alex Lyon without a rebound.
11:12 of 2nd period - David Gustafsson wins face-off versus Oskar Back in Wolf Pack zone.
11:15 of 2nd period - Snap shot by David Gustafsson.
11:15 of 2nd period - Shot Misses the Net.
11:24 of 2nd period - Jordan Gross beats up Alex Laferriere.
11:24 of 2nd period - Penalty to Alex Laferriere for Fighting.
11:24 of 2nd period - Penalty to Jordan Gross for Fighting.
11:25 of 2nd period - David Gustafsson wins face-off versus Logan Brown in Wolf Pack zone.
11:50 of 2nd period - Taylor Ward is hit by Ben Harpur and loses puck.
11:57 of 2nd period - Wrist shot by Dylan Gambrell.
11:57 of 2nd period - Stopped by Alex Lyon without a rebound.
11:58 of 2nd period - Oskar Back wins face-off versus David Gustafsson in Wolf Pack zone.
11:58 of 2nd period - Oskar Back is hit by Connor Carrick.
12:32 of 2nd period - Snap shot by Taylor Ward.
12:32 of 2nd period - Shot Misses the Net.
12:45 of 2nd period - Icing by Connor Carrick.
12:46 of 2nd period - Mathieu Olivier wins face-off versus Viktor Lodin in Crunch zone.
13:09 of 2nd period - Mark Friedman is hit by Callahan Burke and loses puck.
13:16 of 2nd period - Backhand shot by Dylan Gambrell.
13:16 of 2nd period - Stopped by Alex Lyon with a rebound.
13:36 of 2nd period - Wrist shot by David Gustafsson.
13:36 of 2nd period - Deflect By Alexander Edler.
13:36 of 2nd period - Shot Blocked by Mason Lohrei.
13:36 of 2nd period - Puck is out of play.
13:37 of 2nd period - Oskar Back wins face-off versus David Gustafsson in Wolf Pack zone.
14:14 of 2nd period - Icing by Daemon Hunt.
14:15 of 2nd period - David Gustafsson wins face-off versus Oskar Back in Crunch zone.
14:45 of 2nd period - Snap shot by Callahan Burke.
14:45 of 2nd period - Stopped by Alex Lyon without a rebound.
14:46 of 2nd period - Logan Hutsko wins face-off versus Dylan Gambrell in Wolf Pack zone.
14:50 of 2nd period - Off-side.
14:51 of 2nd period - Logan Brown wins face-off versus Dylan Gambrell in neutral zone.
14:54 of 2nd period - Slapshot by Jayden Struble.
14:54 of 2nd period - Stopped by Erik Kallgren with a rebound.
15:32 of 2nd period - Snap shot by Jayden Struble.
15:32 of 2nd period - Shot Blocked by Connor Carrick.
15:53 of 2nd period - Snap shot by Ivan Miroshnichenko.
15:53 of 2nd period - Shot Misses the Net.
15:55 of 2nd period - Snap shot by Oskar Back.
15:55 of 2nd period - Stopped by Erik Kallgren without a rebound.
15:56 of 2nd period - Oskar Back wins face-off versus Alexander Edler in Crunch zone.
16:01 of 2nd period - Snap shot by Oskar Back.
16:01 of 2nd period - Shot Blocked by David Gustafsson.
16:03 of 2nd period - Slapshot by Mark Friedman.
16:03 of 2nd period - Deflect By Logan Brown.
16:03 of 2nd period - Shot Blocked by Alexander Edler.
16:03 of 2nd period - Puck is out of play.
16:04 of 2nd period - Mathieu Olivier wins face-off versus Oskar Back in Crunch zone.
16:50 of 2nd period - Minor Penalty to Mathieu Olivier for High sticking.
16:51 of 2nd period - Garrett Pilon wins face-off versus Oskar Back in Crunch zone.
17:17 of 2nd period - Ivan Miroshnichenko is hit by David Gustafsson.
18:50 of 2nd period - Penalty to Mathieu Olivier is over, Mathieu Olivier is back on ice.
Goals for this period are 1 for Crunch vs 2 for Wolf Pack.
Shots for this period are 14 for Crunch vs 14 for Wolf Pack.
3rd period
0:01 of 3rd period - David Gustafsson wins face-off versus Logan Brown in neutral zone.
0:14 of 3rd period - Snap shot by David Gustafsson.
0:14 of 3rd period - Stopped by Alex Lyon without a rebound.
0:15 of 3rd period - Oskar Back wins face-off versus David Gustafsson in Wolf Pack zone.
0:40 of 3rd period - Robert Hagg is hit by Logan Hutsko and loses puck.
1:00 of 3rd period - Off-side.
1:01 of 3rd period - Logan Brown wins face-off versus Benoit-Olivier Groulx in neutral zone.
1:06 of 3rd period - Slapshot by Zac Jones.
1:06 of 3rd period - Stopped by Erik Kallgren without a rebound.
1:07 of 3rd period - David Gustafsson wins face-off versus Logan Brown in Crunch zone.
1:07 of 3rd period - David Gustafsson is hit by Lucas Edmonds.
1:43 of 3rd period - Slapshot by Mason Lohrei.
1:43 of 3rd period - Shot Misses the Net.
2:48 of 3rd period - Minor Penalty to Connor Carrick for Hooking.
2:49 of 3rd period - Mathieu Olivier wins face-off versus Logan Brown in Crunch zone.
4:48 of 3rd period - Penalty to Connor Carrick is over, Connor Carrick is back on ice.
4:57 of 3rd period - Snap shot by Oskar Olausson.
4:57 of 3rd period - Shot Misses the Net.
5:09 of 3rd period - Snap shot by Connor Carrick.
5:09 of 3rd period - Shot Misses the Net.
5:11 of 3rd period - Snap shot by Connor Carrick.
5:11 of 3rd period - Stopped by Alex Lyon with a rebound.
5:13 of 3rd period - Wrist shot by Connor Carrick.
5:13 of 3rd period - Shot Misses the Net.
5:15 of 3rd period - Slapshot by Robert Hagg.
5:15 of 3rd period - Stopped by Alex Lyon without a rebound.
5:16 of 3rd period - Logan Hutsko wins face-off versus Dylan Gambrell in Wolf Pack zone.
5:43 of 3rd period - Wrist shot by Mathieu Olivier.
5:43 of 3rd period - Stopped by Alex Lyon without a rebound.
5:44 of 3rd period - Logan Brown wins face-off versus Dylan Gambrell in Wolf Pack zone.
5:49 of 3rd period - Snap shot by Dylan Gambrell.
5:49 of 3rd period - Stopped by Alex Lyon without a rebound.
5:50 of 3rd period - Dylan Gambrell wins face-off versus Logan Brown in Wolf Pack zone.
5:51 of 3rd period - Slapshot by Callahan Burke.
5:51 of 3rd period - Stopped by Alex Lyon without a rebound.
5:52 of 3rd period - Logan Brown wins face-off versus Dylan Gambrell in Wolf Pack zone.
6:07 of 3rd period - Slapshot by Logan Brown.
6:07 of 3rd period - Stopped by Erik Kallgren without a rebound.
6:08 of 3rd period - David Gustafsson wins face-off versus Oskar Back in Crunch zone.
6:44 of 3rd period - Taylor Ward is hit by Jordan Gross.
7:55 of 3rd period - Icing by Ben Harpur.
7:56 of 3rd period - David Gustafsson wins face-off versus Ivan Miroshnichenko in Crunch zone.
8:45 of 3rd period - Snap shot by Viktor Lodin.
8:45 of 3rd period - Stopped by Erik Kallgren with a rebound.
8:55 of 3rd period - Logan Brown is hit by Dylan Gambrell.
9:14 of 3rd period - Benoit-Olivier Groulx is hit by Taylor Ward and loses puck.
10:38 of 3rd period - Minor Penalty to Michael Milne for Interference.
10:39 of 3rd period - David Gustafsson wins face-off versus Oskar Back in Wolf Pack zone.
10:46 of 3rd period - Snap shot by David Gustafsson.
10:46 of 3rd period - Shot Blocked by Zac Jones.
10:48 of 3rd period - Wrist shot by Alexander Edler.
10:48 of 3rd period - Shot Misses the Net.
10:50 of 3rd period - Backhand shot by Alexander Edler.
10:50 of 3rd period - Goal by Alexander Edler - Crunch : 3 - Wolf Pack : 2.
10:51 of 3rd period - Mathieu Olivier wins face-off versus Oskar Back in neutral zone.
10:56 of 3rd period - Wrist shot by Alex Laferriere.
10:56 of 3rd period - Shot Blocked by Ben Harpur.
10:58 of 3rd period - Snap shot by Alex Laferriere.
10:58 of 3rd period - Goal by Alex Laferriere - Crunch : 3 - Wolf Pack : 3.
10:59 of 3rd period - David Gustafsson wins face-off versus Oskar Back in neutral zone.
11:01 of 3rd period - Minor Penalty to Alexander Edler for Slashing.
11:02 of 3rd period - Mathieu Olivier wins face-off versus Ivan Miroshnichenko in Crunch zone.
11:13 of 3rd period - Slapshot by Zac Jones.
11:13 of 3rd period - Stopped by Erik Kallgren with a rebound.
11:33 of 3rd period - Slapshot by Dylan Gambrell.
11:33 of 3rd period - Shot Misses the Net.
11:35 of 3rd period - Slapshot by Robert Hagg.
11:35 of 3rd period - Shot Blocked by Mark Friedman.
11:37 of 3rd period - Slapshot by Garrett Pilon.
11:37 of 3rd period - Goal by Garrett Pilon - Crunch : 4 - Wolf Pack : 3.
11:38 of 3rd period - Mathieu Olivier wins face-off versus Oskar Back in neutral zone.
12:03 of 3rd period - Snap shot by Logan Brown.
12:03 of 3rd period - Shot Misses the Net.
12:43 of 3rd period - Garrett Pilon is hit by Logan Brown and loses puck.
13:00 of 3rd period - Connor Carrick is hit by Alex Laferriere and loses puck.
13:01 of 3rd period - Penalty to Alexander Edler is over, Alexander Edler is back on ice.
13:12 of 3rd period - Minor Penalty to Connor Carrick for Roughing.
13:13 of 3rd period - Logan Brown wins face-off versus Mathieu Olivier in Crunch zone.
13:13 of 3rd period - Wrist shot by Lucas Edmonds.
13:13 of 3rd period - Stopped by Erik Kallgren without a rebound.
13:14 of 3rd period - Mathieu Olivier wins face-off versus Logan Brown in Crunch zone.
13:25 of 3rd period - Slapshot by Lucas Edmonds.
13:25 of 3rd period - Shot Misses the Net.
13:45 of 3rd period - Slapshot by Ben Harpur.
13:45 of 3rd period - Shot Blocked by Zac Jones.
15:12 of 3rd period - Penalty to Connor Carrick is over, Connor Carrick is back on ice.
19:13 of 3rd period - Wolf Pack, Alex Lyon is pulled from the net.
19:17 of 3rd period - Snap shot by Ivan Miroshnichenko.
19:17 of 3rd period - Shot Hit the Post.
19:19 of 3rd period - Snap shot by Oskar Back.
19:19 of 3rd period - Stopped by Erik Kallgren without a rebound.
19:20 of 3rd period - Dave Tippett call a timeout for Wolf Pack.
19:20 of 3rd period - Oskar Back wins face-off versus David Gustafsson in Crunch zone.
19:31 of 3rd period - Slapshot by Ivan Miroshnichenko.
19:31 of 3rd period - Stopped by Erik Kallgren with a rebound.
19:33 of 3rd period - Snap shot by Oskari Laaksonen.
19:33 of 3rd period - Shot Blocked by Garrett Pilon.
19:35 of 3rd period - Slapshot by Mason Lohrei.
19:35 of 3rd period - Stopped by Erik Kallgren without a rebound.
19:36 of 3rd period - David Gustafsson wins face-off versus Oskar Back in Crunch zone.
19:43 of 3rd period - Snap shot by Ivan Miroshnichenko.
19:43 of 3rd period - Stopped by Erik Kallgren without a rebound.
19:44 of 3rd period - David Gustafsson wins face-off versus Oskar Back in Crunch zone.
19:57 of 3rd period - Christian Wolanin is hit by Mason Lohrei and loses puck.
Goals for this period are 2 for Crunch vs 1 for Wolf Pack.
Shots for this period are 8 for Crunch vs 10 for Wolf Pack.